 Dungeon Crawl Stone Soup version 0.26.0-10-g1f06aea511 (webtiles) character file.

Game seed: 13036898984023849357

2975 Dracia the Nimble (level 9, -1/73 HPs)
             Began as a Gnoll Gladiator on Jan 14, 2021.
             Was an Initiate of Okawaru.
             Killed from afar by Joseph (22 damage)
             ... with a bolt of acid
             ... on level 7 of the Dungeon.
             The game lasted 00:16:25 (6817 turns).

Dracia the Nimble (Gnoll Gladiator)                 Turns: 6817, Time: 00:16:26

Health: -1/73      AC: 10    Str: 17    XL:     9   Next: 82%
Magic:  15/15      EV: 11    Int: 20    God:    Okawaru [......]
Gold:   188        SH:  0    Dex: 16    Spells: 12/17 levels left

rFire    . . .     SeeInvis +   a - +0 quarterstaff
rCold    . . .     Faith    +   (shield currently unavailable)
rNeg     . . .     Spirit   .   q - +1 chain mail {rPois}
rPois    +         Reflect  .   c - +1 helmet
rElec    .         Harm     .   o - +0 cloak
rCorr    .         Rampage  .   j - +2 pair of gloves
Will     .....                  (no boots)
Stlth    ..........             T - amulet of faith {!P!P}
HPRegen  0.22/turn              I - +6 ring of intelligence
MPRegen  0.14/turn              (no ring)

@: corroded
A: distributed training, fangs 2, rugged brown scales 1, see invisible,
screaming 1, strong nose
a: Renounce Religion


You were on level 7 of the Dungeon.
You worshipped Okawaru.
Okawaru was noncommittal.
You visited 2 branches of the dungeon, and saw 8 of its levels.
You also visited: Sewer.

You collected 370 gold pieces.
You spent 182 gold pieces at shops.


Innate Abilities, Weirdness & Mutations

Your experience applies equally to all skills.
You have extremely sharp teeth.
Your uncanny sense of smell can sniff out nearby items.
You are partially covered in rugged brown scales. (AC +1, +3% HP)
You have supernaturally acute eyesight. (SInv)
You occasionally shout uncontrollably at your foes.


   Skills:
 + Level 6.6 Fighting
 + Level 4.6 Short Blades
 + Level 4.6 Long Blades
 + Level 4.6 Axes
 + Level 4.6 Maces & Flails
 + Level 4.6 Polearms
 + Level 8.1 Staves
 + Level 4.6 Slings
 + Level 4.6 Bows
 + Level 4.6 Crossbows
 + Level 6.6 Throwing
 + Level 4.6 Armour
 + Level 8.1 Dodging
 + Level 4.6 Stealth
 + Level 4.6 Shields
 + Level 4.6 Unarmed Combat
 + Level 4.6 Spellcasting
 + Level 3.8 Conjurations
 + Level 3.8 Hexes
 + Level 3.8 Summonings
 + Level 3.8 Necromancy
 + Level 3.8 Translocations
 + Level 3.8 Transmutations
 + Level 3.8 Fire Magic
 + Level 3.8 Ice Magic
 + Level 3.8 Air Magic
 + Level 3.8 Earth Magic
 + Level 3.8 Poison Magic
 + Level 5.1 Invocations
 + Level 4.6 Evocations


You had 12 spell levels left.
You knew the following spells:

 Your Spells              Type           Power        Failure   Level
m - Mephitic Cloud        Conj/Pois/Air  19%          71%         3
I - Blink                 Tloc           N/A          45%         2

Your spell library contained the following spells:

 Spells                   Type           Power        Failure   Level
 Corona                   Hex            21%          34%         1
 Magic Dart               Conj           76%          34%         1
 Call Imp                 Summ           19%          45%         2
 Slow                     Hex            19%          45%         2
 Confusing Touch          Hex            19%          71%         3
 Conjure Flame            Conj/Fire      19%          71%         3
 Gell's Gravitas          Tloc           9%           71%         3
 Inner Flame              Hex/Fire       19%          71%         3
 Portal Projectile        Hex/Tloc       38%          71%         3
 Cause Fear               Hex            9%           98%         4
 Leda's Liquefaction      Hex/Erth       9%           98%         4
 Petrify                  Tmut/Erth      19%          98%         4
 Metabolic Englaciation   Hex/Ice        9%           100%        5
 Yara's Violent Unravell  Hex/Tmut       9%           100%        5

Inventory:

Hand Weapons
 a - a +0 quarterstaff (weapon)
Missiles
 e - 47 poisoned darts (quivered)
 f - 4 datura-tipped darts
Armour
 c - a +1 helmet (worn)
 j - a +2 pair of gloves (worn)
 k - a scarf of invisibility
 o - a +0 cloak (worn)
 q - a +1 chain mail of poison resistance (worn)
Jewellery
 I - a +6 ring of intelligence (left hand)
 T - an amulet of faith (around neck) {!P!P}
Scrolls
 h - a scroll of enchant weapon {unknown}
 i - 8 scrolls of identify {@r1@r1}
 n - 3 scrolls of fog
 p - 2 scrolls of remove curse {@r2@r2}
 r - 6 scrolls of teleportation {@r4@r4}
 s - a scroll of immolation {unknown}
 t - a scroll of fear
 v - 5 scrolls of enchant armour
Potions
 b - 2 potions of cancellation {unknown}
 g - a potion of brilliance
 l - 9 potions of curing {@q1@q1}
 m - a potion of resistance

Dungeon Overview and Level Annotations

Branches:
Dungeon (7/15)             Temple (1/1) D:5           Sewer (visited)

Altars:
Ashenzari
Cheibriados
Fedhas
Gozag
Hepliaklqana
Kikubaaqudgha
Makhleb
Nemelex Xobeh
Okawaru
Qazlal
Ru
Sif Muna
Uskayaw
Vehumet
Wu Jian
Xom
Yredelemnul
Zin
Lugonu

Shops:
D:5 !=

Portals:
Abyss: D:1

Annotations:
D:7 Joseph

.... .. ..# ≈..♣..≈ #.#
∆ ≈...≈ #.# ###... #.#
####.#..# #.#
##.........######.## ##
#...##.....(((.....####>
..........(######.......
.##.@...# #.####..
#@....# #.###.## #######
#.....# #####.## ##..
##. #. #


You could see Joseph (caught).


Message History

Unknown command.
You completely miss Joseph. You bite Joseph.
Joseph is moderately wounded.
Joseph shouts, "At last, some action!"
Joseph zaps a wand.
The bolt of acid hits you but does no damage.
The acid corrodes you!
You are splashed with acid!
Joseph struggles against the net.
You catch the helpless Joseph completely off-guard!
You hit Joseph.
Joseph is moderately wounded.
Unknown command.
You hit Joseph but do no damage.
Joseph is moderately wounded.
Joseph struggles against the net.
Unknown command.
You hit Joseph. You bite Joseph, but do no damage.
Joseph is moderately wounded.
Joseph zaps a wand.
The bolt of acid hits you.
* * * LOW HITPOINT WARNING * * *
You are splashed with acid!
* * * LOW HITPOINT WARNING * * *
Joseph struggles against the net.
You hit Joseph.
Joseph is moderately wounded.
Unknown command.
You hit Joseph.
Joseph is heavily wounded.
Joseph zaps a wand.
The bolt of acid hits you!!
You die...

Skill      XL: |  1  2  3  4  5  6  7  8  9 |
---------------+----------------------------+-----
Invocations    | 1 2 3 4 5 |  5.1
Short Blades   | 1 2 3 4 |  4.6
Long Blades    | 1 2 3 4 |  4.6
Axes           | 1 2 3 4 |  4.6
Maces & Flails | 1 2 3 4 |  4.6
Polearms       | 1 2 3 4 |  4.6
Slings         | 1 2 3 4 |  4.6
Bows           | 1 2 3 4 |  4.6
Crossbows      | 1 2 3 4 |  4.6
Armour         | 1 2 3 4 |  4.6
Stealth        | 1 2 3 4 |  4.6
Shields        | 1 2 3 4 |  4.6
Unarmed Combat | 1 2 3 4 |  4.6
Spellcasting   | 1 2 3 4 |  4.6
Evocations     | 1 2 3 4 |  4.6
Conjurations   | 1 2 3 |  3.8
Hexes          | 1 2 3 |  3.8
Summonings     | 1 2 3 |  3.8
Necromancy     | 1 2 3 |  3.8
Translocations | 1 2 3 |  3.8
Transmutations | 1 2 3 |  3.8
Fire Magic     | 1 2 3 |  3.8
Ice Magic      | 1 2 3 |  3.8
Air Magic      | 1 2 3 |  3.8
Earth Magic    | 1 2 3 |  3.8
Poison Magic   | 1 2 3 |  3.8
Fighting       | 5 6 |  6.6
Throwing       | 5 6 |  6.6
Staves         | 7 8 |  8.1
Dodging        | 7 8 |  8.1

Action                   |  1- 3 |  4- 6 |  7- 9 || total
-------------------------+-------+-------+-------++-------
Melee: Quarterstaff      |    74 |   219 |   393 ||   686
       Bite              |     6 |    22 |    38 ||    66
Throw: Throwing net      |       |     1 |     5 ||     6
  Use: Scroll            |     4 |     3 |     2 ||     9
       Potion            |       |     1 |    10 ||    11
 Stab: Sleeping          |     2 |       |       ||     2
       Held in net/web   |       |     1 |     5 ||     6
Armor: Leather armour    |    12 |       |       ||    12
       Chain mail        |     9 |   135 |   289 ||   433
       Skin              |       |    38 |     8 ||    46
Dodge: Dodged            |    54 |   115 |   278 ||   447

Levels and vault maps discovered:
D:1:      erik_arrival_cave_to_civilisation [erik_arrival_cave_to_temple],
          layout_basic
D:2:      layout_basic, makhleb_blood_cavern_becter
D:3:      layout_rooms, portal_sewer_entry_f, chequers_serial_rivers_micro_b
D:4:      layout_basic, zin_academy, grunt_qazlal_sundering, tgw_xom,
          kennysheep_mini_moat, gammafunk_ghost_arena, serial_aquarium,
          aquarium_bridge_square [aquarium_subvault_wall,
          aquarium_subvault_balcony, aquarium_subvault_bridge,
          aquarium_subvault_wall], aquarium_bridge_square
          [aquarium_subvault_wall, aquarium_subvault_bridge,
          aquarium_subvault_balcony, aquarium_subvault_bridge],
          aquarium_window_corner, aquarium_window_corner, aquarium_view_2c,
          aquarium_view_2b, minmay_misc_feat_four_crosses
D:5:      layout_basic, nzn_hepliaklqana_mist_gate,
          minmay_temple_entry_overgrown, serial_shops, shop,
          nicolae_shop_competitors_out_of_business, uniq_sigmund,
          uniq_crazy_yiuf_cottage
D:6:      cheibrodos_fzero, layout_cave_pools, nemelex_xobeh_ov_fountains_minmay
D:7:      layout_loops_ring, elyvilon_altar_4, kennysheep_boxes, uniq_joseph,
          uniq_maggie
Temple:   minmay_temple_bridge_abc

Notes
Turn   | Place    | Note
-------+----------+-------------------------------------------
     0 | D:1      | Dracia the Gnoll Gladiator began the quest for the Orb.
     0 | D:1      | Reached XP level 1. HP: 20/20 MP: 1/1
    85 | D:1      | Reached XP level 2. HP: 13/26 MP: 2/2
   222 | D:1      | Noticed a demonic crawler
   254 | D:1      | Found a one-way gate to the infinite horrors of the Abyss.
   254 | D:1      | Found a corrupted altar of Lugonu.
   693 | D:1      | Reached XP level 3. HP: 28/31 MP: 3/3
  1108 | D:2      | Reached skill level 1 in Invocations
  1323 | D:2      | Reached skill level 1 in Short Blades
  1323 | D:2      | Reached skill level 1 in Long Blades
  1323 | D:2      | Reached skill level 1 in Axes
  1323 | D:2      | Reached skill level 1 in Maces & Flails
  1323 | D:2      | Reached skill level 1 in Polearms
  1323 | D:2      | Reached skill level 1 in Slings
  1323 | D:2      | Reached skill level 1 in Bows
  1323 | D:2      | Reached skill level 1 in Crossbows
  1323 | D:2      | Reached skill level 1 in Armour
  1323 | D:2      | Reached skill level 1 in Stealth
  1323 | D:2      | Reached skill level 1 in Shields
  1323 | D:2      | Reached skill level 1 in Unarmed Combat
  1323 | D:2      | Reached skill level 1 in Spellcasting
  1323 | D:2      | Reached skill level 1 in Evocations
  1438 | D:2      | Reached XP level 4. HP: 36/38 MP: 5/5
  1494 | D:2      | Found a burning altar of Makhleb.
  1506 | D:2      | Reached skill level 1 in Conjurations
  1506 | D:2      | Reached skill level 1 in Hexes
  1506 | D:2      | Reached skill level 1 in Summonings
  1506 | D:2      | Reached skill level 1 in Necromancy
  1506 | D:2      | Reached skill level 1 in Translocations
  1506 | D:2      | Reached skill level 1 in Transmutations
  1506 | D:2      | Reached skill level 1 in Fire Magic
  1506 | D:2      | Reached skill level 1 in Ice Magic
  1506 | D:2      | Reached skill level 1 in Air Magic
  1506 | D:2      | Reached skill level 1 in Earth Magic
  1506 | D:2      | Reached skill level 1 in Poison Magic
  1915 | D:3      | Reached XP level 5. HP: 43/43 MP: 6/6
  1930 | D:3      | Found a glowing drain.
  1953 | Sewer    | Entered a sewer
  2234 | Sewer    | Noticed Purgy
  2245 | Sewer    | Killed Purgy
  2246 | Sewer    | Reached skill level 2 in Invocations
  2246 | Sewer    | Reached XP level 6. HP: 50/50 MP: 8/8
  2571 | D:4      | Found a transporter.
  2577 | D:4      | Found a transporter.
  2577 | D:4      | Noticed Raspi's ghost (novice FoFi)
  2589 | D:4      | Reached skill level 5 in Fighting
  2589 | D:4      | Reached skill level 2 in Short Blades
  2589 | D:4      | Reached skill level 2 in Long Blades
  2589 | D:4      | Reached skill level 2 in Axes
  2589 | D:4      | Reached skill level 2 in Maces & Flails
  2589 | D:4      | Reached skill level 2 in Polearms
  2589 | D:4      | Reached skill level 2 in Slings
  2589 | D:4      | Reached skill level 2 in Bows
  2589 | D:4      | Reached skill level 2 in Crossbows
  2589 | D:4      | Reached skill level 5 in Throwing
  2589 | D:4      | Reached skill level 2 in Armour
  2589 | D:4      | Reached skill level 2 in Stealth
  2589 | D:4      | Reached skill level 2 in Shields
  2589 | D:4      | Reached skill level 2 in Unarmed Combat
  2589 | D:4      | Reached skill level 2 in Spellcasting
  2589 | D:4      | Reached skill level 2 in Evocations
  2615 | D:4      | Found a glowing silver altar of Zin.
  2751 | D:4      | Found a stormy altar of Qazlal.
  2842 | D:4      | Found a blossoming altar of Fedhas.
  2927 | D:4      | Reached XP level 7. HP: 56/56 MP: 10/10
  2939 | D:4      | Killed Raspi's ghost
  2940 | D:4      | Reached skill level 7 in Staves
  2940 | D:4      | Reached skill level 7 in Dodging
  2940 | D:4      | Reached skill level 2 in Conjurations
  2940 | D:4      | Reached skill level 2 in Hexes
  2940 | D:4      | Reached skill level 2 in Summonings
  2940 | D:4      | Reached skill level 2 in Necromancy
  2940 | D:4      | Reached skill level 2 in Translocations
  2940 | D:4      | Reached skill level 2 in Transmutations
  2940 | D:4      | Reached skill level 2 in Fire Magic
  2940 | D:4      | Reached skill level 2 in Ice Magic
  2940 | D:4      | Reached skill level 2 in Air Magic
  2940 | D:4      | Reached skill level 2 in Earth Magic
  2940 | D:4      | Reached skill level 2 in Poison Magic
  2940 | D:4      | Reached skill level 3 in Invocations
  3654 | D:4      | Found a shimmering altar of Xom.
  3800 | D:5      | Entered Level 5 of the Dungeon
  3826 | D:5      | Noticed Sigmund
  3828 | D:5      | Gained mutation: You occasionally shout uncontrollably at
                  | your foes. [potion of mutation]
  3828 | D:5      | Gained mutation: You are weak. (Str -2) [potion of
                  | mutation]
  3828 | D:5      | Gained mutation: You are frail. (-10% HP) [potion of
                  | mutation]
  3828 | D:5      | Gained mutation: You are partially covered in rugged brown
                  | scales. (AC +1, +3% HP) [potion of mutation]
  3839 | D:5      | Killed Sigmund
  3840 | D:5      | Reached skill level 3 in Short Blades
  3840 | D:5      | Reached skill level 3 in Long Blades
  3840 | D:5      | Reached skill level 3 in Axes
  3840 | D:5      | Reached skill level 3 in Maces & Flails
  3840 | D:5      | Reached skill level 3 in Polearms
  3840 | D:5      | Reached skill level 3 in Slings
  3840 | D:5      | Reached skill level 3 in Bows
  3840 | D:5      | Reached skill level 3 in Crossbows
  3840 | D:5      | Reached skill level 3 in Armour
  3840 | D:5      | Reached skill level 3 in Stealth
  3840 | D:5      | Reached skill level 3 in Shields
  3840 | D:5      | Reached skill level 3 in Unarmed Combat
  3840 | D:5      | Reached skill level 3 in Spellcasting
  3840 | D:5      | Reached skill level 3 in Evocations
  3840 | D:5      | Reached XP level 8. HP: 52/58 MP: 12/12
  3940 | D:5      | Found Zuaseyqu's Distillery.
  3949 | D:5      | Bought a potion of mutation for 104 gold pieces
  3949 | D:5      | Bought 2 potions of curing for 78 gold pieces
  3949 | D:5      | Lost mutation: You are frail. (-10% HP) [potion of
                  | mutation]
  3949 | D:5      | Lost mutation: You are weak. (Str -2) [potion of mutation]
  3949 | D:5      | Gained mutation: You have supernaturally acute eyesight.
                  | (SInv) [potion of mutation]
  3949 | D:5      | Gained mutation: You have extremely sharp teeth. [potion of
                  | mutation]
  4589 | D:5      | Reached skill level 3 in Conjurations
  4589 | D:5      | Reached skill level 3 in Hexes
  4589 | D:5      | Reached skill level 3 in Summonings
  4589 | D:5      | Reached skill level 3 in Necromancy
  4589 | D:5      | Reached skill level 3 in Translocations
  4589 | D:5      | Reached skill level 3 in Transmutations
  4589 | D:5      | Reached skill level 3 in Fire Magic
  4589 | D:5      | Reached skill level 3 in Ice Magic
  4589 | D:5      | Reached skill level 3 in Air Magic
  4589 | D:5      | Reached skill level 3 in Earth Magic
  4589 | D:5      | Reached skill level 3 in Poison Magic
  4589 | D:5      | Reached skill level 4 in Invocations
  4777 | D:5      | Reached skill level 6 in Fighting
  4777 | D:5      | Reached skill level 6 in Throwing
  4804 | D:5      | Found Vagronek's Jewellery Shoppe.
  4853 | D:5      | Found a hazy altar of Hepliaklqana.
  4887 | D:5      | Found a staircase to the Ecumenical Temple.
  4997 | D:5      | Found a runed translucent door.
  4998 | D:5      | Noticed Crazy Yiuf
  5007 | D:5      | Killed Crazy Yiuf
  5142 | D:6      | Reached XP level 9. HP: 71/71 MP: 14/14
  5155 | D:6      | Learned a level 3 spell: Mephitic Cloud
  5158 | D:6      | Learned a level 2 spell: Blink
  5330 | D:6      | Noticed a kobold demonologist
  5331 | D:6      | Noticed a deep elf mage
  5343 | D:6      | Killed a kobold demonologist
  5344 | D:6      | Reached skill level 4 in Short Blades
  5344 | D:6      | Reached skill level 4 in Long Blades
  5344 | D:6      | Reached skill level 4 in Axes
  5344 | D:6      | Reached skill level 4 in Maces & Flails
  5344 | D:6      | Reached skill level 4 in Polearms
  5344 | D:6      | Reached skill level 4 in Slings
  5344 | D:6      | Reached skill level 4 in Bows
  5344 | D:6      | Reached skill level 4 in Crossbows
  5344 | D:6      | Reached skill level 4 in Armour
  5344 | D:6      | Reached skill level 4 in Stealth
  5344 | D:6      | Reached skill level 4 in Shields
  5344 | D:6      | Reached skill level 4 in Unarmed Combat
  5344 | D:6      | Reached skill level 4 in Spellcasting
  5344 | D:6      | Reached skill level 4 in Evocations
  5355 | D:6      | Killed a deep elf mage
  5766 | D:5      | Reached skill level 8 in Staves
  5766 | D:5      | Reached skill level 8 in Dodging
  5876 | D:5      | Identified 2 potions of resistance
  6100 | D:6      | Reached skill level 5 in Invocations
  6165 | Temple   | Entered the Ecumenical Temple
  6195 | Temple   | Became a worshipper of Warmaster Okawaru
  6664 | D:6      | Found a sparkling altar of Nemelex Xobeh.
  6800 | D:7      | Noticed Joseph
  6817 | D:7      | Killed from afar by Joseph

Vanquished Creatures
  A deep elf mage (D:6)
  The ghost of Raspi the Chopper, a novice FoFi of Qazlal (D:4)
  A kobold demonologist (D:6)
  Sigmund (D:5)
  2 orc warriors
  A hornet zombie (D:6)
  Purgy (Sewer)
  4 ogres
  A centaur (D:5)
  A bullfrog (D:6)
  A scorpion (D:5)
  A quasit (D:6)
  A centaur skeleton (D:6)
  4 orc wizards
  Crazy Yiuf (D:5)
  4 hounds
  A jelly (D:6)
  A bullfrog skeleton (D:5)
  4 orc priests
  3 iguanas (D:5)
  5 worker ants
  A killer bee zombie (D:5)
  A hound skeleton (D:6)
  A gnoll (D:4)
  8 adders
  A shadow imp (D:6)
  An ooze (D:4)
  2 adder skeletons (D:6)
  4 worms
  7 dart slugs
  8 leopard geckos
  17 orcs
  10 giant cockroaches
  4 hobgoblins
  11 jackals
  4 kobolds
  3 quokkas
  4 ball pythons
  5 bats
  7 frilled lizards
  A giant cockroach zombie (D:5)
  9 goblins
  A leopard gecko skeleton (D:5)
  A quokka skeleton (D:6)
  13 rats
164 creatures vanquished.

Vanquished Creatures (others)
  16 fungi (D:4)
16 creatures vanquished.

Grand Total: 180 creatures vanquished

Table legend: (Time is in decaauts)
 A = Elapsed time spent in this place.
 B = Non-inter-level travel time spent in this place.
 C = Inter-level travel time spent in this place.
 D = Time resting spent in this place.
 E = Time spent auto-exploring this place.
 F = Levels seen in this place.
 G = Mean time per level.
                   A        B        C        D        E       F      G
               +--------+--------+--------+--------+--------+-----+--------+
         Total |   6800 |   6459 |    341 |    685 |   4428 |   9 |  755.6 |
       Dungeon |   6360 |   6046 |    314 |    685 |   4136 |   7 |  908.6 |
        Temple |     51 |     25 |     26 |      0 |     24 |   1 |   51.0 |
         Sewer |    387 |    387 |      0 |      0 |    267 |   1 |  387.0 |
               +--------+--------+--------+--------+--------+-----+--------+

Top non-repeatable levels by time:
     D:5: 1847 daAuts
     D:4: 1260 daAuts
     D:1: 1019 daAuts
     D:6: 1002 daAuts
     D:2: 637 daAuts
     D:3: 534 daAuts
   Sewer: 387 daAuts
     D:7: 57 daAuts
  Temple: 51 daAuts

Table legend:
 A = Non-vault XP
 B = Vault XP
 C = Vault XP percentage of total XP
 D = Non-vault monster count
 E = Vault monster count
 F = Vault count percentage of total count
                 A         B        C        D         E       F
            +---------+---------+-------+---------+---------+-------
      Total |    1959 |    2291 |  53.9 |     125 |      39 |  23.8
            +---------+---------+-------+---------+---------+-------
        D:1 |      37 |       2 |   5.1 |      21 |       2 |   8.7
        D:2 |      45 |      42 |  48.3 |      14 |       1 |   6.7
        D:3 |      50 |      16 |  24.2 |      20 |       6 |  23.1
        D:4 |     362 |     479 |  57.0 |      23 |       8 |  25.8
        D:5 |     892 |     441 |  33.1 |      22 |       5 |  18.5
        D:6 |     531 |    1162 |  68.6 |      24 |       8 |  25.0
        D:7 |      42 |       0 |   0.0 |       1 |       0 |   0.0
      Sewer |       0 |     149 | 100.0 |       0 |       9 | 100.0
            +---------+---------+-------+---------+---------+-------
